 Dungeon Crawl Stone Soup version 0.31-a0-358-gac0dbeb3ab (webtiles) character file.

Game seed: 18266010534049538109

740 AdnanSaban the Covered (level 7, 0/44 HPs)
             Began as a Gargoyle Fighter on July 26, 2023.
             Slain by an orc warrior
             ... wielding a +0 halberd
              (1 damage)
             ... on level 4 of the Dungeon.
             The game lasted 00:06:09 (4556 turns).

AdnanSaban the Covered (Gargoyle Fighter)           Turns: 4556, Time: 00:06:10

Health: 0/44       AC: 23    Str: 21    XL:     7   Next: 75%
Magic:  7/7        EV:  5    Int: 15    God:
Gold:   190        SH:  8    Dex:  9    Spells: 6/6 levels left

rFire   . . .        s - +2 whip (vamp)
rCold   . . .        B - +0 kite shield
rNeg    + . .        p - +0 plate armour
rPois   ∞            u - +1 helmet
rElec   +            y - +2 cloak
rCorr   .            (no gloves)
SInv    .            (no boots)
Will    .....        (no amulet) Stlth
                     m - +6 ring of intelligence
HPRegen 0.27/turn    (no ring)
MPRegen 0.10/turn

%: no passive effects
@: no status effects
A: sickness immunity, AC +4, negative energy resistance 1, electricity
resistance, torment resistance 1, petrification resistance
a: no special abilities


You were on level 4 of the Dungeon.
You visited 1 branch of the dungeon, and saw 5 of its levels.

You collected 190 gold pieces.

Inventory:

Hand Weapons
 s - a +2 vampiric whip (weapon)
Missiles
 t - 4 javelins
 C - 5 boomerangs (quivered)
Armour
 p - a +0 plate armour (worn)
 u - a +1 helmet (worn)
 y - a +2 cloak (worn)
 B - a +0 kite shield (worn)
Jewellery
 m - a +6 ring of intelligence (left hand)
Wands
 r - a wand of flame (21)
 w - a wand of polymorph (7)
Scrolls
 a - a scroll of fog {unknown}
 b - 2 scrolls of noise {unknown}
 e - a scroll of vulnerability {unknown}
 f - 8 scrolls of identify {unknown}
 g - a scroll of enchant weapon {unknown}
 j - 2 scrolls of poison {unknown}
 k - a scroll of immolation {unknown}
 l - 5 scrolls of teleportation {unknown}
 v - a scroll of fear {unknown}
 x - a scroll of torment {unknown}
Potions
 d - a potion of might
 h - 3 potions of curing {unknown}
 i - a potion of heal wounds {unknown}
 n - a potion of attraction {unknown}
 o - a potion of enlightenment {unknown}
 q - a potion of berserk rage {unknown}
 z - a potion of brilliance {unknown}


   Skills:
 + Level 4.9 Fighting
 + Level 5.2 Maces & Flails
 + Level 5.9 Armour
 + Level 0.5 Dodging
 + Level 4.9 Shields


You had 6 spell levels left.
You didn't know any spells.
Your spell library contained the following spells:

 Spells                   Type           Power      Damage    Failure   Level
 Foxfire                  Conj/Fire      0%         2x1d4     100%        1
 Scorch                   Fire           0%         2d5       100%        2
 Ozocubu's Armour         Ice            0%         N/A       100%        3
 Flame Wave               Conj/Fire      0%         2d4       100%        4
 Metabolic Englaciation   Hex/Ice        0%         N/A       100%        5
 Plasma Beam              Fire/Air       0%         2x1d10    100%        6
 Simulacrum               Ice/Necr       0%         N/A       100%        6
 Starburst                Conj/Fire      0%         6d3       100%        6
 Summon Cactus Giant      Summ           0%         N/A       100%        6


Dungeon Overview and Level Annotations

Branches:
Dungeon (5/15)
 Temple: D:4-7

Altars:
Xom

Annotations:
D:3 1 runed translucent door, Crazy Yiuf


Innate Abilities, Weirdness & Mutations

You are immune to sickness and miasma.
Your stone body is resilient. (AC +4)
You are immune to poison.
You resist negative energy. (rN+)
You are resistant to electric shocks. (rElec)
You are resistant to unholy torment.
You are immune to petrification.


Message History

The orc warrior is heavily wounded.
The orc warrior hits you with a +0 halberd.
You hit the orc warrior.
You feel better.
The orc warrior is heavily wounded.
The orc warrior hits you but does no damage.
You hit the orc warrior.
You feel better.
The orc warrior is heavily wounded.
The orc warrior hits you with a +0 halberd.
You hit the orc warrior but do no damage.
The orc warrior is heavily wounded.
The orc warrior hits you with a +0 halberd!
You closely miss the orc warrior.
The orc warrior is heavily wounded.
You block the orc warrior's attack.
You closely miss the orc warrior.
The orc warrior is heavily wounded.
The orc warrior hits you but does no damage.
You barely miss the orc warrior.
The orc warrior is heavily wounded.
The orc warrior hits you but does no damage.
You closely miss the orc warrior.
The orc warrior is heavily wounded.
You hit the orc warrior but do no damage.
The orc warrior is heavily wounded.
You block the orc warrior's attack.
You hit the orc warrior but do no damage.
The orc warrior is heavily wounded.
You block the orc warrior's attack.
You hit the orc warrior but do no damage.
The orc warrior is heavily wounded.
You block the orc warrior's attack.
You closely miss the orc warrior.
The orc warrior is heavily wounded.
The orc warrior hits you but does no damage.
The orc warrior hits you with a +0 halberd!
* * * LOW HITPOINT WARNING * * *
You hit the orc warrior but do no damage.
The orc warrior is heavily wounded.
The orc warrior hits you with a +0 halberd.
You die...

#.........### #.....###
#...........###.....#
##.........##.<......##
#..........####.......#
#..........# #.......#
#..........# #.......##
#..........# #........#
#.....o.[..# #........#
#......@..## #........#
#.........# #.....####
##.>......# #.##.##
#....†...# ####.##
#....>..## ##.#
##...#### #.## #####
### #..### ###.# #....#
#...## ##.##..


You could see an orc warrior.

Vanquished Creatures
  A phantom (D:5)
  A gnoll sergeant (D:5)
  3 hounds
  An orc priest (D:5)
  An iguana (D:4)
  3 orc wizards
  Robin (D:3)
  10 adders
  14 gnolls
  2 worms (D:2)
  23 orcs
  6 ball pythons
  7 endoplasms
  5 giant cockroaches
  19 goblins
  7 hobgoblins
  3 jackals
  6 quokkas
  4 bats
  5 frilled lizards (D:1)
  7 kobolds
  7 rats
136 creatures vanquished.

Notes
Turn   | Place    | Note
-------+----------+-------------------------------------------
     0 | D:1      | AdnanSaban the Gargoyle Fighter began the quest for the
                  | Orb.
     0 | D:1      | Reached XP level 1. HP: 14/14 MP: 1/1
   316 | D:1      | Reached XP level 2. HP: 19/19 MP: 2/2
   906 | D:2      | Reached XP level 3. HP: 23/23 MP: 3/3
  1291 | D:2      | Reached XP level 4. HP: 13/29 MP: 4/4
  1663 | D:2      | Reached XP level 5. HP: 9/33 MP: 5/5
  1961 | D:3      | Noticed Robin
  2019 | D:3      | Killed Robin
  2183 | D:3      | Reached XP level 6. HP: 39/39 MP: 6/6
  2556 | D:3      | Found a runed translucent door.
  2557 | D:3      | Noticed Crazy Yiuf
  2980 | D:4      | Reached skill level 5 in Armour
  3283 | D:4      | Found a shimmering altar of Xom.
  3619 | D:5      | Entered Level 5 of the Dungeon
  3729 | D:5      | Reached XP level 7. HP: 44/44 MP: 7/7
  4292 | D:4      | Reached skill level 5 in Maces & Flails
  4555 | D:4      | HP: 1/44 [orc warrior/+0 halberd (16)]
  4556 | D:4      | Slain by an orc warrior

Illustrated notes

Levels and vault maps discovered:
D:1:      scummos_arrival_simple_fountains, layout_loops_corners
D:2:      layout_loops_cross, eino_tiny_chamber, minmay_strange_pillars,
          minmay_crystal_water
D:3:      layout_loops_cross, amcnicky_mini_pool_small, uniq_robin,
          uniq_crazy_yiuf_cottage
D:4:      layout_cave_pods, tgw_xom
D:5:      layout_basic, minmay_temple_entry_enclosed_plants, minivault_14

Skill      XL: |  1  2  3  4  5  6  7 |
---------------+----------------------+-----
Shields        | 4 |  4.9
Fighting       | 4 |  4.9
Armour         | 4 5 |  5.9
Maces & Flails | 3 4 5 |  5.2
Dodging        | |  0.5

Action                     |  1- 3 |  4- 6 |  7- 9 || total
---------------------------+-------+-------+-------++-------
  Melee: Flail             |    94 |    72 |       ||   166
         Whip              |       |   264 |   186 ||   450
 Armour: Chain mail        |    35 |       |       ||    35
         Scale mail        |     1 |       |       ||     1
         Plate armour      |    23 |   242 |   117 ||   382
  Dodge: Dodged            |    41 |   113 |    54 ||   208
  Block: Buckler           |    20 |    65 |    23 ||   108
         Kite shield       |       |       |    20 ||    20

Table legend: (Time is in decaauts)
 A = Elapsed time spent in this place.
 B = Non-inter-level travel time spent in this place.
 C = Inter-level travel time spent in this place.
 D = Time resting spent in this place.
 E = Time spent auto-exploring this place.
 F = Levels seen in this place.
 G = Mean time per level.
                   A        B        C        D        E       F      G
               +--------+--------+--------+--------+--------+-----+--------+
         Total |   4589 |   4413 |    176 |    164 |   3071 |   5 |  917.8 |
       Dungeon |   4589 |   4413 |    176 |    164 |   3071 |   5 |  917.8 |
               +--------+--------+--------+--------+--------+-----+--------+

Top non-repeatable levels by time:
     D:2: 1123 daAuts
     D:4: 1033 daAuts
     D:1: 907 daAuts
     D:3: 822 daAuts
     D:5: 702 daAuts
